TOP OF THE 1ST |
San Bernardino Grasshoppers batting - Pitching for Long Island Seawolves : RHP Jim Unknown
|
Pitching: RHP Jim Unknown
|
|
Batting: RHB Cal Robinson
|
0-0: Called Strike 0-1: Swinging Strike 0-2: Ball 1-2: SOLO HOME RUN (Flyball, 9D), Distance : 339 ft
|
Batting: LHB Rafael Álvarez
|
0-0: Swinging Strike 0-1: Ground out 4-3 (Groundball, 4)
|
Batting: RHB Mark Field
|
0-0: Called Strike 0-1: Foul Ball, location: 2F 0-2: Ball 1-2: Foul Ball, location: 2F 1-2: Ball 2-2: Foul Ball, location: 2F 2-2: Strikes out swinging
|
Batting: LHB Dave Harris
|
0-0: Ground out 1-3 (Groundball, 23)
|
Top of the 1st over - 1 run(s), 1 hit(s), 0 error(s), 0 left on base; San Bernardino 1 - Long Island 0 |
BOTTOM OF THE 1ST |
Long Island Seawolves batting - Pitching for San Bernardino Grasshoppers : RHP Pablo Vargas
|
Pitching: RHP Pablo Vargas
|
|
Batting: RHB Jim Unknown
|
0-0: Bunt for hit - play at first, batter safe!
|
Batting: SHB Terry Conley
|
0-0: Ball 1-0: Called Strike 1-1: Foul Ball, location: 2F 1-2: Fly out, F5 (Popup, 5F)
|
Batting: RHB Jim Unknown
|
0-0: Ball 1-0: Foul Ball, location: 2F 1-1: Ball 2-1: Called Strike 2-2: Foul Ball, location: 2F 2-2: Ball 3-2: Foul Ball, location: 2F 3-2: Foul Ball, location: 2F 3-2: Foul Ball, location: 2F 3-2: Grounds into double play, 6-4-3 (Groundball, 6M)
|
Bottom of the 1st over - 0 run(s), 1 hit(s), 0 error(s), 0 left on base; San Bernardino 1 - Long Island 0 |
TOP OF THE 2ND |
San Bernardino Grasshoppers batting - Pitching for Long Island Seawolves : RHP Jim Unknown
|
Batting: LHB Wallace James
|
0-0: Fly out, F8 (Flyball, 8RM)
|
Batting: SHB Joe Adams
|
0-0: Ball 1-0: Called Strike 1-1: Ball 2-1: Ground out U3 (Groundball, 3S)
|
Batting: LHB Roberto Marino
|
0-0: Called Strike 0-1: Called Strike 0-2: Foul Ball, location: 2F 0-2: Foul Ball, location: 2F 0-2: Ball 1-2: Ball 2-2: Ground out 5-3 (Groundball, 56)
|
Top of the 2nd over - 0 run(s), 0 hit(s), 0 error(s), 0 left on base; San Bernardino 1 - Long Island 0 |
BOTTOM OF THE 2ND |
Long Island Seawolves batting - Pitching for San Bernardino Grasshoppers : RHP Pablo Vargas
|
Batting: RHB Roy Clay
|
0-0: Ball 1-0: Called Strike 1-1: Ball 2-1: Ball 3-1: Foul Ball, location: 2F 3-2: Base on Balls
|
Batting: RHB Jim Unknown
|
0-0: Ball 1-0: Ball 2-0: Foul Ball, location: 2F 2-1: Ball 3-1: Base on Balls Roy Clay to second
|
Batting: RHB David Morales
|
0-0: Ball 1-0: SINGLE (Line Drive, 56D) Roy Clay to third Jim Unknown to second
|
Batting: RHB Fernando Moreno
|
0-0: Fly out, F9 (Line Drive, 9M) Runner from 3rd tags up, SCORES, throw made
|
Batting: RHB Jim Unknown
|
0-0: Ball Jim Unknown steals 3rd base David Morales to second 1-0: Foul Ball, location: 2F 1-1: Foul Ball, location: 2F 1-2: Ball 2-2: Ground out 6-3 (Groundball, 6M) Jim Unknown scores David Morales to third
|
Batting: RHB Jim Unknown
|
0-0: Foul Ball, location: 2F 0-1: Ball 1-1: Ground out 5-3 (Groundball, 56S)
|
Bottom of the 2nd over - 2 run(s), 1 hit(s), 0 error(s), 1 left on base; San Bernardino 1 - Long Island 2 |
TOP OF THE 3RD |
San Bernardino Grasshoppers batting - Pitching for Long Island Seawolves : RHP Jim Unknown
|
Batting: RHB Carlos Meléndez
|
0-0: Fly out, F7 (Flyball, 7M)
|
Batting: RHB Fernando Díaz
|
0-0: Ball 1-0: Ball 2-0: Ball 3-0: Called Strike 3-1: Foul Ball, location: 2F 3-2: Base on Balls
|
Batting: RHB Cal Robinson
|
0-0: Called Strike 0-1: Fly out, F6 (Popup, 8RS)
|
Batting: LHB Rafael Álvarez
|
0-0: Ball Fernando Díaz is caught stealing 2nd base
|
Top of the 3rd over - 0 run(s), 0 hit(s), 0 error(s), 0 left on base; San Bernardino 1 - Long Island 2 |
BOTTOM OF THE 3RD |
Long Island Seawolves batting - Pitching for San Bernardino Grasshoppers : RHP Pablo Vargas
|
Batting: RHB Jim Unknown
|
0-0: Fly out, F8 (Flyball, 8LM)
|
Batting: SHB Terry Conley
|
0-0: Foul Ball, location: 2F 0-1: Ball 1-1: Swinging Strike 1-2: SINGLE (Line Drive, 4MD)
|
Batting: RHB Jim Unknown
|
0-0: Called Strike Terry Conley is caught stealing 2nd base 0-1: Ball 1-1: Ball 2-1: Foul Ball, location: 2F 2-2: Foul Ball, location: 2F 2-2: Fly out, F8 (Flyball, 8LD)
|
Bottom of the 3rd over - 0 run(s), 1 hit(s), 0 error(s), 0 left on base; San Bernardino 1 - Long Island 2 |
TOP OF THE 4TH |
San Bernardino Grasshoppers batting - Pitching for Long Island Seawolves : RHP Jim Unknown
|
Batting: LHB Rafael Álvarez
|
0-0: Ball 1-0: Ground out 1-3 (Groundball, 15)
|
Batting: RHB Mark Field
|
0-0: Called Strike 0-1: Ground out 1-3 (Groundball, 25)
|
Batting: LHB Dave Harris
|
0-0: Ball 1-0: Swinging Strike 1-1: Swinging Strike 1-2: Reached on error, E2 (Groundball, 2L)
|
Batting: LHB Wallace James
|
0-0: Ball 1-0: Foul Ball, location: 2F 1-1: Foul Ball, location: 2F 1-2: Fly out, F9 (Line Drive, 9M)
|
Top of the 4th over - 0 run(s), 0 hit(s), 1 error(s), 1 left on base; San Bernardino 1 - Long Island 2 |
BOTTOM OF THE 4TH |
Long Island Seawolves batting - Pitching for San Bernardino Grasshoppers : RHP Pablo Vargas
|
Batting: RHB Roy Clay
|
0-0: Ball 1-0: Foul Ball, location: 2F 1-1: Swinging Strike 1-2: Foul Ball, location: 2F 1-2: Ground out 6-3 (Groundball, 6)
|
Batting: RHB Jim Unknown
|
0-0: Called Strike 0-1: Foul Ball, location: 2F 0-2: Ball 1-2: Strikes out swinging
|
Batting: RHB David Morales
|
0-0: SINGLE (Groundball, 34D)
|
Batting: RHB Fernando Moreno
|
0-0: Called Strike 0-1: Foul Ball, location: 2F 0-2: Fly out, F8 (Flyball, 8RM)
|
Bottom of the 4th over - 0 run(s), 1 hit(s), 0 error(s), 1 left on base; San Bernardino 1 - Long Island 2 |
TOP OF THE 5TH |
San Bernardino Grasshoppers batting - Pitching for Long Island Seawolves : RHP Jim Unknown
|
Batting: SHB Joe Adams
|
0-0: Called Strike 0-1: Ball 1-1: Foul Ball, location: 2F 1-2: Strikes out swinging
|
Batting: LHB Roberto Marino
|
0-0: Ball 1-0: Foul Ball, location: 2F 1-1: Ground out 3-1 (Groundball, 34)
|
Batting: RHB Carlos Meléndez
|
0-0: Called Strike 0-1: Ground out 5-3 (Groundball, 56)
|
Top of the 5th over - 0 run(s), 0 hit(s), 0 error(s), 0 left on base; San Bernardino 1 - Long Island 2 |
BOTTOM OF THE 5TH |
Long Island Seawolves batting - Pitching for San Bernardino Grasshoppers : RHP Pablo Vargas
|
Batting: RHB Jim Unknown
|
0-0: Foul Ball, location: 2F 0-1: Called Strike 0-2: Ground out 6-3 (Groundball, 6)
|
Batting: RHB Jim Unknown
|
0-0: Ball 1-0: Foul Ball, location: 2F 1-1: Foul Ball, location: 2F 1-2: Ball 2-2: Ground out 6-3 (Groundball, 6M)
|
Batting: RHB Jim Unknown
|
0-0: Foul Ball, location: 2F 0-1: Ball 1-1: Called Strike 1-2: Ball 2-2: Ground out 6-3 (Groundball, 6M)
|
Bottom of the 5th over - 0 run(s), 0 hit(s), 0 error(s), 0 left on base; San Bernardino 1 - Long Island 2 |
TOP OF THE 6TH |
San Bernardino Grasshoppers batting - Pitching for Long Island Seawolves : RHP Jim Unknown
|
Batting: RHB Fernando Díaz
|
0-0: Ball 1-0: Swinging Strike 1-1: Swinging Strike 1-2: Foul Ball, location: 2F 1-2: Ground out 1-3 (Groundball, 13S)
|
Batting: RHB Cal Robinson
|
0-0: Foul Ball, location: 2F 0-1: Ball 1-1: Foul Ball, location: 2F 1-2: Strikes out looking
|
Batting: LHB Rafael Álvarez
|
0-0: Foul Ball, location: 2F 0-1: Ground out U3 (Groundball, 3)
|
Top of the 6th over - 0 run(s), 0 hit(s), 0 error(s), 0 left on base; San Bernardino 1 - Long Island 2 |
BOTTOM OF THE 6TH |
Long Island Seawolves batting - Pitching for San Bernardino Grasshoppers : RHP Pablo Vargas
|
Batting: SHB Terry Conley
|
0-0: Called Strike 0-1: Reached on error, E2 (Groundball, 2R)
|
Batting: RHB Jim Unknown
|
0-0: Ball 1-0: Swinging Strike 1-1: Called Strike 1-2: Foul Ball, location: 2F 1-2: Fly out, F8 (Flyball, 8RXD)
|
Batting: RHB Roy Clay
|
0-0: Called Strike Terry Conley steals 2nd base 0-1: Ball 1-1: SINGLE (Line Drive, 78S) Terry Conley to third
|
Batting: RHB Jim Unknown
|
0-0: Foul Ball, location: 2F 0-1: Foul Ball, location: 2F 0-2: Foul Ball, location: 2F 0-2: Foul Ball, location: 2F 0-2: Ball 1-2: Strikes out swinging
|
Batting: RHB David Morales
|
0-0: Foul Ball, location: 2F 0-1: Ball 1-1: Ball 2-1: Fly out, F6 (Popup, 6M)
|
Bottom of the 6th over - 0 run(s), 1 hit(s), 1 error(s), 2 left on base; San Bernardino 1 - Long Island 2 |
TOP OF THE 7TH |
San Bernardino Grasshoppers batting - Pitching for Long Island Seawolves : RHP Jim Unknown
|
Batting: RHB Mark Field
|
0-0: Called Strike 0-1: Foul Ball, location: 2F 0-2: Ball 1-2: Ball 2-2: Ground out 4-3 (Groundball, 4)
|
Batting: LHB Dave Harris
|
0-0: Ball 1-0: Ball 2-0: Ball 3-0: Base on Balls
|
Batting: LHB Wallace James
|
0-0: Ball 1-0: Ball 2-0: Called Strike 2-1: Foul Ball, location: 2F 2-2: Ball 3-2: Fly out, F5 (Popup, 5F)
|
Pinch Hitting: RHB Sergio Ortíz
|
0-0: Fielders Choice at 2nd, U4 (Groundball, 4M)
|
Top of the 7th over - 0 run(s), 0 hit(s), 0 error(s), 1 left on base; San Bernardino 1 - Long Island 2 |
BOTTOM OF THE 7TH |
Long Island Seawolves batting - Pitching for San Bernardino Grasshoppers : RHP Pablo Vargas
|
Now at 3B: Sergio Ortíz
|
|
Batting: RHB Fernando Moreno
|
0-0: SINGLE (Groundball, 4MD)
|
Batting: RHB Jim Unknown
|
0-0: Fly out, F9 (Flyball, 89M)
|
Batting: RHB Jim Unknown
|
0-0: Ball 1-0: Ball 2-0: Fly out, F4 (Popup, 4MS)
|
Batting: RHB Jim Unknown
|
0-0: Ball 1-0: SINGLE (Flyball, 89S) Fernando Moreno to second Throwing error, E9 Fernando Moreno scores Jim Unknown to second
|
Batting: SHB Terry Conley
|
0-0: Called Strike 0-1: Foul Ball, location: 2F 0-2: Foul Ball, location: 2F 0-2: Ball 1-2: DOUBLE (Flyball, 78D) Jim Unknown scores
|
Batting: RHB Jim Unknown
|
0-0: Ball 1-0: Ball 2-0: SINGLE (Groundball, 4MD) (infield hit) Terry Conley to third
|
Batting: RHB Roy Clay
|
0-0: Swinging Strike 0-1: Foul Ball, location: 2F 0-2: Ball 1-2: Foul Ball, location: 2F 1-2: Foul Ball, location: 2F 1-2: Foul Ball, location: 2F 1-2: Foul Ball, location: 2F 1-2: Ball 2-2: Foul Ball, location: 2F 2-2: Ball 3-2: Base on Balls Jim Unknown to second
|
Batting: RHB Jim Unknown
|
0-0: SINGLE (Groundball, 4MD) (infield hit) Terry Conley scores Jim Unknown to third Roy Clay to second
|
Batting: RHB David Morales
|
0-0: Foul Ball, location: 2F 0-1: Foul Ball, location: 2F 0-2: Ball 1-2: Strikes out swinging
|
Bottom of the 7th over - 3 run(s), 5 hit(s), 1 error(s), 3 left on base; San Bernardino 1 - Long Island 5 |
TOP OF THE 8TH |
San Bernardino Grasshoppers batting - Pitching for Long Island Seawolves : RHP Jim Unknown
|
Batting: LHB Roberto Marino
|
0-0: Ball 1-0: Called Strike 1-1: Ball 2-1: Foul Ball, location: 2F 2-2: Ground out 4-3 (Groundball, 34)
|
Batting: RHB Carlos Meléndez
|
0-0: Fly out, F3 (Popup, 3SF)
|
Batting: RHB Fernando Díaz
|
0-0: Ball 1-0: Ball 2-0: Ball 3-0: Called Strike 3-1: Base on Balls
|
Batting: RHB Cal Robinson
|
0-0: Ball 1-0: Called Strike 1-1: Foul Ball, location: 2F 1-2: Foul Ball, location: 2F 1-2: Strikes out swinging
|
Top of the 8th over - 0 run(s), 0 hit(s), 0 error(s), 1 left on base; San Bernardino 1 - Long Island 5 |
BOTTOM OF THE 8TH |
Long Island Seawolves batting - Pitching for San Bernardino Grasshoppers : RHP Pablo Vargas
|
Batting: RHB Fernando Moreno
|
0-0: Called Strike 0-1: Ball 1-1: Called Strike 1-2: Ball 2-2: Fly out, F8 (Line Drive, 8LM)
|
Batting: RHB Jim Unknown
|
0-0: Ball 1-0: Called Strike 1-1: Ball 2-1: Ground out 5-3 (Groundball, 56)
|
Batting: RHB Jim Unknown
|
0-0: Ball Error on foul ball, E9 1-1: Foul Ball, location: 2F 1-2: Ball 2-2: Ball 3-2: Foul Ball, location: 2F 3-2: SINGLE (Line Drive, 6D)
|
Pitching: RHP Freddy González
|
|
Batting: RHB Jim Unknown
|
0-0: Ball Jim Unknown steals 2nd base 1-0: Ball 2-0: Ball 3-0: Base on Balls
|
Batting: SHB Terry Conley
|
0-0: Called Strike 0-1: Ball 1-1: SINGLE (Groundball, 56D) Jim Unknown to third Jim Unknown to second Runner from 3rd tries for Home, SAFE, no throw or cutoff
|
Batting: RHB Jim Unknown
|
0-0: Ball 1-0: Called Strike 1-1: Fly out, F8 (Flyball, 78XD)
|
Bottom of the 8th over - 1 run(s), 2 hit(s), 1 error(s), 2 left on base; San Bernardino 1 - Long Island 6 |
TOP OF THE 9TH |
San Bernardino Grasshoppers batting - Pitching for Long Island Seawolves : RHP Jim Unknown
|
Batting: LHB Rafael Álvarez
|
0-0: Called Strike 0-1: Foul Ball, location: 2F 0-2: Strikes out swinging
|
Batting: RHB Mark Field
|
0-0: Ball 1-0: SINGLE (Groundball, 4MD)
|
Pitching: RHP Jim Unknown
|
|
Batting: LHB Dave Harris
|
0-0: Called Strike 0-1: Reached on error, E6 (Groundball, 6M) Mark Field to second
|
Batting: LHB Wallace James
|
0-0: Called Strike 0-1: Ball 1-1: Foul Ball, location: 2F 1-2: Ball 2-2: Strikes out looking
|
Batting: RHB Sergio Ortíz
|
0-0: Swinging Strike 0-1: Hit by Pitch Mark Field to third Dave Harris to second
|
Batting: LHB Roberto Marino
|
0-0: Swinging Strike 0-1: Fly out, F3 (Popup, 34S)
|
Top of the 9th over - 0 run(s), 1 hit(s), 1 error(s), 3 left on base; San Bernardino 1 - Long Island 6 |
|